Map: Récif abyssal EC

Players

zidar - Winner!

  • Race: Zerg Zerg
  • League: Gold
  • Spawn Location: 11:00

Siegessicher

  • Race: Terran Terran
  • Spawn Location: 5:00

VOD

Have the link to the VOD?

Description

Time

  • Played on: June 27, 2017, 11:35 a.m.
  • Length: 9:14
Show
View Real Time Build Order
Export as new Build Order

zidar Zerg - Winner!

Build Orders: Hatch First 

Get SALT Encoding   

  12  0:01  Drone  
  13  0:12  Overlord  
  13  0:17  Drone  
  14  0:31  Drone x2  
  16  0:52  Hatchery  
  16  0:54  Drone  
  16  0:57  Extractor  
  16  0:59  Drone  
  16  1:03  Drone  
  17  1:10  Drone  
  18  1:18  Drone  
  19  1:31  Spawning Pool  
  19  1:32  Drone  
  19  2:08  Drone  
  19  2:12  Drone  
  21  2:18  Queen x2  
  25  2:23  Zergling x6  
  25  2:27  Overlord x2  
  28  2:55  Metabolic Boost  
  27  3:00  Drone x3  
  27  3:01  Drone x3  
  33  3:07  Pneumatized Carapace  
  33  3:15  Lair  
  33  3:18  Extractor  
  29  3:41  Roach Warren  
  29  3:46  Zergling x12  
  29  3:47  Zergling x6  
  37  3:51  Overlord  
  37  4:47  Roach x7  
  42  5:14  Roach  
  42  5:15  Roach x4  
  52  5:33  Extractor  
  51  5:56  Ravager  
  39  7:17  Roach x7  
  39  7:19  Zergling x6  
  50  7:24  Overlord x8  
  44  7:44  Roach  
  44  7:45  Roach  
  48  8:04  Ravager x4  
  48  8:05  Ravager x3  
  55  8:11  Roach  
  55  8:12  Roach x3  
  63  8:17  Overseer  
Show
View Real Time Build Order
Export as new Build Order

Siegessicher Terran 

Build Orders:  

Get SALT Encoding   

  12  0:09  SCV  
  13  0:18  Supply Depot  
  13  0:22  SCV  
  13  0:27  Refinery  
  15  0:35  SCV  
  15  0:44  Barracks  
  15  0:47  SCV  
  16  1:00  SCV  
  17  1:12  SCV  
  18  1:24  SCV  
  19  1:32  Marine  
  20  1:36  SCV  
  21  1:46  Command Center  
  21  1:51  SCV  
  22  1:59  Factory  
  22  2:01  Barracks Reactor  
  22  2:05  SCV  
  23  2:11  Refinery  
  23  2:20  Orbital Command  
  23  2:39  Ghost Academy  
  23  3:03  Hellion x2  
  27  3:08  SCV  
  27  3:10  Personal Cloaking  
  27  3:12  Barracks Tech Lab  
  27  3:36  Orbital Command  
  27  3:38  Ghost  
  29  3:51  SCV  
  34  4:01  Widow Mine x2  
  34  4:09  Supply Depot  
  34  4:10  Ghost  
  34  4:13  SCV x2  
  38  4:22  Supply Depot  
  34  4:42  Hellion x2  
  34  5:18  Hellion x2  
  34  5:19  Marine  
  34  5:20  SCV  
  40  5:27  Factory x2  
  40  5:28  Factory  
  40  5:29  Factory  
  40  5:31  Armory  
  40  5:34  Nuke  
  40  5:37  SCV  
  40  5:38  SCV  
  36  5:57  Cyclone  
  41  6:05  Widow Mine  
  41  6:53  Cyclone x2  
  40  7:20  Widow Mine x3  
  40  7:21  Widow Mine  
  31  8:05  SCV x2  
  33  8:17  SCV x2  
  31  8:52  SCV  
  31  8:53  SCV  
Tags
 
League
Gold
Matchup
TvZ
Spawn Locations
Cross Positions
Add a new tag
Caveats
  • Supply blocks, unpowered buildings, or Contaminate may cause inaccurate times.
  • Supply counts are checked every 10 seconds.